APL (24 & UNDER)
SCOTTSDALE SCORPIONS @ MONTGOMERY GREY SOX
08/20/2025
 
TOP OF THE 1ST
Scottsdale Scorpions batting - Pitching for Montgomery Grey Sox : RHP Michael Young
Pitching: RHP Michael Young
Batting: SHB Douglas Taylor 0-0: Ball
1-0: Foul Ball, location: 2F
1-1: Ball
2-1: Foul Ball, location: 2F
2-2: SOLO HOME RUN (Flyball, 9LD), Distance : 355 ft
Batting: RHB David Suarze 0-0: Called Strike
0-1: Swinging Strike
0-2: Ball
1-2: Ball
2-2: Strikes out looking
Batting: RHB Jared Thompson 0-0: Ball
1-0: Ball
2-0: Called Strike
2-1: Ball
3-1: Base on Balls
Batting: RHB Lúcio Ramírez 0-0: Called Strike
0-1: Ball
1-1: Swinging Strike
1-2: Strikes out looking
Batting: LHB Claudio Rodríguez 0-0: Ball
1-0: Ball
Jared Thompson is caught stealing 2nd base
Top of the 1st over - 1 run(s), 1 hit(s), 0 error(s), 0 left on base; Scottsdale 1 - Montgomery 0
BOTTOM OF THE 1ST
Montgomery Grey Sox batting - Pitching for Scottsdale Scorpions : LHP Eric Fisher
Pitching: LHP Eric Fisher
Batting: LHB Al Gaines 0-0: Ball
1-0: Foul Ball, location: 2F
1-1: Ball
2-1: Ground out 4-3 (Groundball, 4)
Batting: RHB José Montoya 0-0: Ball
1-0: SINGLE (Line Drive, 7LS)
Batting: RHB Joe Courtier 0-0: Ball
José Montoya steals 2nd base
1-0: Ball
Wild Pitch!
José Montoya to third
2-0: Fly out, F5 (Line Drive, 5)
Batting: RHB Dean Bailey 0-0: DOUBLE (Line Drive, 78M)
José Montoya scores
Batting: RHB Rusty Downy 0-0: Ball
1-0: Ball
2-0: Foul Ball, location: 2F
2-1: Ball
3-1: Base on Balls
Batting: SHB Hoyt Norris 0-0: Ball
1-0: Ball
2-0: Foul Ball, location: 2F
2-1: Ball
3-1: Foul Ball, location: 2F
3-2: Foul Ball, location: 2F
3-2: Ground out 1-3 (Groundball, 15S)
Bottom of the 1st over - 1 run(s), 2 hit(s), 0 error(s), 2 left on base; Scottsdale 1 - Montgomery 1
TOP OF THE 2ND
Scottsdale Scorpions batting - Pitching for Montgomery Grey Sox : RHP Michael Young
Batting: LHB Claudio Rodríguez 0-0: Called Strike
0-1: Called Strike
0-2: Strikes out swinging
Batting: RHB Ricardo Gutiérrez 0-0: Ball
1-0: Called Strike
1-1: Foul Ball, location: 2F
1-2: Ball
2-2: Reached on error, E1 (Groundball, 15)
Batting: LHB Ernesto Hernández 0-0: Swinging Strike
0-1: Swinging Strike
0-2: Fly out, F7 (Line Drive, 78S)
Batting: RHB Edgardo Gonzáles 0-0: Called Strike
0-1: Swinging Strike
0-2: Strikes out swinging
Top of the 2nd over - 0 run(s), 0 hit(s), 1 error(s), 1 left on base; Scottsdale 1 - Montgomery 1
BOTTOM OF THE 2ND
Montgomery Grey Sox batting - Pitching for Scottsdale Scorpions : LHP Eric Fisher
Batting: SHB Wilson Bray 0-0: Called Strike
0-1: Ball
1-1: Called Strike
1-2: Strikes out swinging
Batting: RHB José Carlos Caraballo 0-0: Called Strike
0-1: Ground out 4-3 (Groundball, 6M)
Batting: RHB Sergio Gonzáles 0-0: SINGLE (Line Drive, 7S)
Batting: LHB Al Gaines 0-0: Ball
1-0: Ball
2-0: Called Strike
2-1: Ball
3-1: Foul Ball, location: 2F
3-2: Fly out, F8 (Flyball, 8RM)
Bottom of the 2nd over - 0 run(s), 1 hit(s), 0 error(s), 1 left on base; Scottsdale 1 - Montgomery 1
TOP OF THE 3RD
Scottsdale Scorpions batting - Pitching for Montgomery Grey Sox : RHP Michael Young
Batting: RHB Sergio Domínguez 0-0: Foul Ball, location: 2F
0-1: Ball
1-1: Ball
2-1: Ball
3-1: Swinging Strike
3-2: Ground out 6-3 (Groundball, 6)
Batting: SHB Douglas Taylor 0-0: Ball
1-0: Ball
2-0: Ball
3-0: Base on Balls
Batting: RHB David Suarze 0-0: Ball
1-0: Ball
2-0: Fly out, F7 (Flyball, 78M)
Batting: RHB Jared Thompson 0-0: Ball
Douglas Taylor is caught stealing 2nd base
Top of the 3rd over - 0 run(s), 0 hit(s), 0 error(s), 0 left on base; Scottsdale 1 - Montgomery 1
BOTTOM OF THE 3RD
Montgomery Grey Sox batting - Pitching for Scottsdale Scorpions : LHP Eric Fisher
Batting: RHB José Montoya 0-0: Called Strike
0-1: SINGLE (Line Drive, 6MD)
Batting: RHB Joe Courtier 0-0: SINGLE (Line Drive, 4D)
José Montoya to second
Runner from 2nd tries for 3rd, SAFE, no throw or cutoff
Batting: RHB Dean Bailey 0-0: Called Strike
0-1: Ball
1-1: Ball
2-1: Swinging Strike
2-2: Ball
Joe Courtier steals 2nd base
3-2: Foul Ball, location: 2F
3-2: SINGLE (Line Drive, 7LS)
José Montoya scores
Joe Courtier to third
Batting: RHB Rusty Downy 0-0: Swinging Strike
0-1: Ball
1-1: Foul Ball, location: 2F
1-2: Foul Ball, location: 2F
1-2: Strikes out swinging
Batting: SHB Hoyt Norris 0-0: Called Strike
0-1: Ball
Pickoff Throw to First - Out!
1-1: Foul Ball, location: 2F
1-2: Ground out U3 (Groundball, 3S)
Bottom of the 3rd over - 1 run(s), 3 hit(s), 0 error(s), 1 left on base; Scottsdale 1 - Montgomery 2
TOP OF THE 4TH
Scottsdale Scorpions batting - Pitching for Montgomery Grey Sox : RHP Michael Young
Batting: RHB Jared Thompson 0-0: Ball
1-0: Ground out 1-3 (Groundball, 23)
Batting: RHB Lúcio Ramírez 0-0: Called Strike
0-1: Foul Ball, location: 2F
0-2: Fly out, F9 (Flyball, 9M)
Batting: LHB Claudio Rodríguez 0-0: Called Strike
0-1: Ball
1-1: Ball
2-1: Foul Ball, location: 2F
2-2: Ball
3-2: Foul Ball, location: 2F
3-2: Ground out 4-3 (Groundball, 4)
Top of the 4th over - 0 run(s), 0 hit(s), 0 error(s), 0 left on base; Scottsdale 1 - Montgomery 2
BOTTOM OF THE 4TH
Montgomery Grey Sox batting - Pitching for Scottsdale Scorpions : LHP Eric Fisher
Batting: SHB Wilson Bray 0-0: DOUBLE (Flyball, 89M)
Batting: RHB José Carlos Caraballo 0-0: Ground out 5-3 (Groundball, 5)
Batting: RHB Sergio Gonzáles 0-0: Called Strike
0-1: Ball
1-1: Foul Ball, location: 2F
1-2: Ball
2-2: Strikes out swinging
Batting: LHB Al Gaines 0-0: Called Strike
0-1: Swinging Strike
Passed Ball!
Wilson Bray to third
0-2: Ball
1-2: Ball
2-2: SINGLE (Groundball, 34S)
Wilson Bray scores
Batting: RHB José Montoya 0-0: Fly out, F8 (Flyball, 8RM)
Bottom of the 4th over - 1 run(s), 2 hit(s), 0 error(s), 1 left on base; Scottsdale 1 - Montgomery 3
TOP OF THE 5TH
Scottsdale Scorpions batting - Pitching for Montgomery Grey Sox : RHP Michael Young
Batting: RHB Ricardo Gutiérrez 0-0: Ball
1-0: Ball
2-0: Called Strike
2-1: Fly out, F3 (Popup, 13S)
Batting: LHB Ernesto Hernández 0-0: SINGLE (Line Drive, 9S)
Batting: RHB Edgardo Gonzáles 0-0: Ball
1-0: Foul Ball, location: 2F
1-1: Ball
2-1: Fly out, F9 (Flyball, 89D)
Batting: RHB Sergio Domínguez 0-0: Ball
1-0: Ball
2-0: Foul Ball, location: 2F
2-1: Ball
3-1: Ground out 4-3 (Groundball, 4)
Top of the 5th over - 0 run(s), 1 hit(s), 0 error(s), 1 left on base; Scottsdale 1 - Montgomery 3
BOTTOM OF THE 5TH
Montgomery Grey Sox batting - Pitching for Scottsdale Scorpions : LHP Eric Fisher
Batting: RHB Joe Courtier 0-0: Called Strike
0-1: Ball
1-1: Ball
2-1: Ball
3-1: Called Strike
3-2: Base on Balls
Batting: RHB Dean Bailey 0-0: Called Strike
0-1: Ball
1-1: DOUBLE (Line Drive, 5L)
Joe Courtier to third
Batting: RHB Rusty Downy 0-0: Ball
1-0: Ball
2-0: Called Strike
2-1: Ball
3-1: Base on Balls
Pitching: RHP Neil Snow
Batting: SHB Hoyt Norris 0-0: Ball
1-0: Called Strike
1-1: Ball
Wild Pitch!
Joe Courtier scores
Dean Bailey to third
Rusty Downy to second
2-1: Ball
3-1: Base on Balls
Batting: SHB Wilson Bray 0-0: Ball
1-0: Ball
2-0: Ball
3-0: Base on Balls
Dean Bailey scores
Rusty Downy to third
Hoyt Norris to second
Batting: RHB José Carlos Caraballo 0-0: Called Strike
0-1: Called Strike
0-2: Ball
1-2: SINGLE (Groundball, 56D)
Rusty Downy scores
Hoyt Norris to third
Wilson Bray to second
Batting: RHB Sergio Gonzáles 0-0: Ball
1-0: Ball
2-0: Ball
3-0: Base on Balls
Hoyt Norris scores
Wilson Bray to third
José Carlos Caraballo to second
Batting: LHB Al Gaines 0-0: Ball
1-0: Ball
2-0: Grounds into double play, 6-4-3 (Groundball, 6)
Wilson Bray scores
José Carlos Caraballo to third
Batting: RHB José Montoya 0-0: Ball
1-0: Called Strike
1-1: Foul Ball, location: 2F
1-2: Ball
2-2: Ball
3-2: Strikes out swinging
Bottom of the 5th over - 5 run(s), 2 hit(s), 0 error(s), 1 left on base; Scottsdale 1 - Montgomery 8
TOP OF THE 6TH
Scottsdale Scorpions batting - Pitching for Montgomery Grey Sox : RHP Michael Young
Batting: SHB Douglas Taylor 0-0: Fly out, F6 (Popup, 7S)
Pitching: RHP Dan Gibson
Batting: RHB David Suarze 0-0: Ball
1-0: Ball
2-0: Ball
3-0: Called Strike
3-1: Called Strike
3-2: Base on Balls
Batting: RHB Jared Thompson 0-0: Called Strike
0-1: Swinging Strike
0-2: Grounds into double play, 1-6-3 (Groundball, 15)
Top of the 6th over - 0 run(s), 0 hit(s), 0 error(s), 0 left on base; Scottsdale 1 - Montgomery 8
BOTTOM OF THE 6TH
Montgomery Grey Sox batting - Pitching for Scottsdale Scorpions : RHP Neil Snow
Batting: RHB Joe Courtier 0-0: Swinging Strike
0-1: Called Strike
0-2: Strikes out looking
Batting: RHB Dean Bailey 0-0: Called Strike
0-1: SINGLE (Groundball, 6MD) (infield hit)
Batting: RHB Rusty Downy 0-0: Ball
1-0: Called Strike
Dean Bailey steals 2nd base
1-1: Ball
2-1: Called Strike
2-2: DOUBLE (Flyball, 9LD)
Dean Bailey scores
Pitching: RHP Julián García
Batting: SHB Hoyt Norris 0-0: Called Strike
Rusty Downy steals 3rd base
0-1: Called Strike
0-2: SINGLE (Groundball, 4M)
Rusty Downy scores
Batting: SHB Wilson Bray 0-0: Called Strike
0-1: Ball
Hoyt Norris is caught stealing 2nd base
1-1: Ball
2-1: Foul Ball, location: 2F
2-2: Fly out, F5 (Popup, 5F)
Bottom of the 6th over - 2 run(s), 3 hit(s), 0 error(s), 0 left on base; Scottsdale 1 - Montgomery 10
TOP OF THE 7TH
Scottsdale Scorpions batting - Pitching for Montgomery Grey Sox : RHP Dan Gibson
Batting: RHB Lúcio Ramírez 0-0: Swinging Strike
0-1: Foul Ball, location: 2F
0-2: Ground out 1-3 (Groundball, 15)
Batting: LHB Claudio Rodríguez 0-0: Swinging Strike
0-1: Called Strike
0-2: Fly out, F9 (Flyball, 9LM)
Batting: RHB Ricardo Gutiérrez 0-0: Ball
1-0: Ball
2-0: Ball
3-0: Called Strike
3-1: Called Strike
3-2: Strikes out looking
Top of the 7th over - 0 run(s), 0 hit(s), 0 error(s), 0 left on base; Scottsdale 1 - Montgomery 10
BOTTOM OF THE 7TH
Montgomery Grey Sox batting - Pitching for Scottsdale Scorpions : RHP Julián García
Batting: RHB José Carlos Caraballo 0-0: Ball
1-0: Ball
2-0: Ball
3-0: Base on Balls
Batting: RHB Sergio Gonzáles 0-0: Ball
Throwing error on steal attempt, E2
José Carlos Caraballo to third
1-0: Fly out, F8 (Flyball, 8LM)
Runner from 3rd tags up, SCORES, no throw
Batting: LHB Al Gaines 0-0: Swinging Strike
0-1: Foul Ball, location: 2F
0-2: Ball
1-2: Foul Ball, location: 2F
1-2: Hit by Pitch
Batting: RHB José Montoya 0-0: Ball
1-0: Called Strike
1-1: Ball
2-1: Ball
3-1: Foul Ball, location: 2F
3-2: Fly out, F8 (Flyball, 8RM)
3-2: Fly out, F8 (Flyball, 8RM)
Batting: RHB Joe Courtier
Pinch Hitting: SHB Joe Pierce 0-0: Ball
Throwing error on steal attempt, E2
Al Gaines to third
1-0: Fly out, F9 (Flyball, 9D)
Bottom of the 7th over - 1 run(s), 0 hit(s), 2 error(s), 1 left on base; Scottsdale 1 - Montgomery 11
TOP OF THE 8TH
Scottsdale Scorpions batting - Pitching for Montgomery Grey Sox : RHP Dan Gibson
Now in RF: Joe Pierce
Batting: LHB Ernesto Hernández 0-0: SINGLE (Line Drive, 9S)
Batting: RHB Edgardo Gonzáles 0-0: Foul Ball, location: 2F
0-1: Grounds into double play, 1-6-3 (Groundball, 15)
Batting: RHB Sergio Domínguez 0-0: Called Strike
0-1: Ball
1-1: Ball
2-1: Ball
3-1: Called Strike
3-2: Foul Ball, location: 2F
3-2: Foul Ball, location: 2F
3-2: Base on Balls
Batting: SHB Douglas Taylor 0-0: Ball
1-0: Ball
2-0: Ball
3-0: Called Strike
3-1: Called Strike
3-2: Base on Balls
Sergio Domínguez to second
Batting: RHB David Suarze 0-0: Called Strike
0-1: DOUBLE (Line Drive, 7LS)
Sergio Domínguez scores
Douglas Taylor to third
Runner from 3rd tries for Home, SAFE, no throw or cutoff
Batting: RHB Jared Thompson 0-0: Ball
1-0: Foul Ball, location: 2F
1-1: Swinging Strike
1-2: Reached on error, E2 (Groundball, 2L)
David Suarze to third
Pinch Hitting: SHB William Daly 0-0: Fly out, F7 (Line Drive, 78D)
Top of the 8th over - 2 run(s), 2 hit(s), 1 error(s), 2 left on base; Scottsdale 3 - Montgomery 11
BOTTOM OF THE 8TH
Montgomery Grey Sox batting - Pitching for Scottsdale Scorpions : RHP Julián García
Now in RF: William Daly
Batting: RHB Dean Bailey 0-0: Called Strike
0-1: SINGLE (Line Drive, 7LS)
Batting: RHB Rusty Downy 0-0: Called Strike
0-1: Ball
Wild Pitch!
Dean Bailey to second
1-1: Foul Ball, location: 2F
1-2: Ground out 6-3 (Groundball, 6M)
Dean Bailey to third
Pitching: RHP Julian Corbitt
Batting: SHB Hoyt Norris 0-0: Ball
1-0: Ball
2-0: Foul Ball, location: 2F
2-1: Swinging Strike
2-2: Ball
3-2: Fly out, F5 (Popup, 56S)
Batting: SHB Wilson Bray 0-0: Foul Ball, location: 2F
0-1: Fly out, F7 (Flyball, 7LM)
Bottom of the 8th over - 0 run(s), 1 hit(s), 0 error(s), 1 left on base; Scottsdale 3 - Montgomery 11
TOP OF THE 9TH
Scottsdale Scorpions batting - Pitching for Montgomery Grey Sox : RHP Dan Gibson
Now at 3B: Félix Cruz
Batting: LHB Claudio Rodríguez 0-0: Ground out 6-3 (Groundball, 6M)
Batting: RHB Ricardo Gutiérrez 0-0: Foul Ball, location: 2F
0-1: Ground out 1-3 (Groundball, 15)
Batting: LHB Ernesto Hernández 0-0: Ball
1-0: Ground out 6-3 (Groundball, 6M)
Top of the 9th over - 0 run(s), 0 hit(s), 0 error(s), 0 left on base; Scottsdale 3 - Montgomery 11
This league is powered by Out of the Park Baseball, the baseball management simulation game for PC, Mac and Linux
Tuesday, August 2nd, 2016 - OOTP Baseball 16.8 Build 38